Map: Deathaura LE

Players

ByuN

  • Race: Terran Terran
  • Spawn Location: 11:00

Serral - Winner!

  • Race: Zerg Zerg
  • Spawn Location: 5:00

Event: ASUS ROG Online 2020

VOD

Have the link to the VOD?

Description

Time

  • Played on: Nov. 29, 2020, 10:23 a.m.
  • Length: 19:39

All games in this series

Show
View Real Time Build Order
Export as new Build Order

ByuN Terran 

Build Orders: Hellion Banshee 

Get SALT Encoding   

  12  0:00  SCV  
  13  0:13  SCV  
  14  0:17  Supply Depot  
  14  0:25  SCV  
  15  0:38  SCV  
  15  0:39  Barracks  
  16  0:43  Refinery  
  16  0:50  SCV  
  17  1:03  SCV  
  18  1:15  SCV  
  19  1:26  Marine  
  19  1:27  Orbital Command  
  20  1:38  Command Center  
  20  1:48  Factory  
  20  1:52  SCV  
  21  2:00  Refinery  
  21  2:01  Barracks Reactor  
  21  2:04  SCV  
  22  2:09  Supply Depot  
  22  2:17  SCV  
  23  2:30  SCV  
  23  2:33  Starport  
  24  2:41  Hellion  
  24  2:42  Hellion  
  24  2:43  SCV  
  29  2:44  Marine  
  29  2:49  Orbital Command  
  30  2:55  SCV  
  31  3:03  Hellion  
  33  3:07  SCV  
  33  3:09  Medivac, Marine  
  37  3:16  Armory  
  37  3:23  Supply Depot  
  39  3:29  Hellion  
  39  3:30  Hellion  
  39  3:34  SCV  
  42  3:35  SCV  
  43  3:41  Starport Tech Lab  
  43  3:46  SCV  
  43  3:47  SCV  
  45  3:52  Supply Depot  
  45  3:55  Hellion  
  49  3:56  Hellion  
  49  3:58  SCV  
  49  3:59  SCV  
  53  4:07  Banshee, Cloaking Field  
  54  4:13  SCV  
  54  4:14  SCV  
  54  4:15  Supply Depot  
  56  4:20  Hellion  
  58  4:26  SCV x2  
  58  4:28  Hellion x4  
  60  4:38  SCV x2  
  59  4:50  SCV  
  59  4:51  SCV  
  59  4:52  Banshee  
  64  4:53  Barracks Tech Lab  
  64  4:56  Supply Depot  
  64  4:59  Factory Reactor  
  64  5:04  SCV x2  
  64  5:07  Command Center  
  66  5:14  Hellion x7  
  66  5:15  Barracks, Supply Depot  
  66  5:17  Barracks, SCV  
  66  5:18  SCV  
  68  5:22  Marine  
  68  5:24  Stimpack  
  69  5:30  SCV x2  
  71  5:36  Engineering Bay  
  71  5:39  Hellion x4  
  71  5:42  SCV x2  
  73  5:45  Starport Reactor  
  73  5:47  Supply Depot, Refinery  
  73  5:48  Refinery  
  73  5:50  Marine  
  73  5:53  Factory Reactor  
  73  5:54  SCV x2  
  76  6:06  SCV x2  
  76  6:09  Engineering Bay  
  76  6:10  Terran Infantry Weapons Level 1  
  78  6:12  Supply Depot, Marine x3  
  78  6:16  Barracks  
  78  6:17  Barracks  
  78  6:18  SCV x2  
  83  6:24  Marine x2  
  83  6:25  Orbital Command  
  85  6:30  Medivac, SCV x2, Marine x3  
  92  6:35  Medivac, Widow Mine x2  
  92  6:39  Terran Infantry Armor Level 1  
  96  6:42  SCV x2  
  96  6:44  Orbital Command  
  95  6:50  Marine x4  
  95  6:51  Marine  
  100  6:54  SCV x2  
  100  6:58  Supply Depot x2  
  102  7:02  Widow Mine x2  
  102  7:06  Barracks Reactor x2, SCV x2  
  108  7:09  SCV  
  108  7:10  Marine x2  
  108  7:11  Marine x3  
  111  7:18  SCV  
  111  7:19  SCV  
  111  7:21  SCV  
  112  7:28  Widow Mine x2, Marine x3  
  112  7:29  Marine x2  
  111  7:30  SCV  
  111  7:31  SCV  
  111  7:33  Factory, SCV  
  114  7:41  Refinery  
  114  7:43  SCV x2  
  114  7:44  Medivac x2  
  118  7:48  Marine x5  
  118  7:49  Combat Shield, Marine x4  
  130  7:57  Supply Depot x3, SCV x3  
  132  8:06  Marine  
  133  8:12  Terran Infantry Weapons Level 2  
  133  8:17  Factory Tech Lab  
  133  8:18  Marine x8  
  133  8:19  Widow Mine x2  
  145  8:21  Missile Turret  
  145  8:22  Supply Depot x2, Terran Vehicle And Ship Armor Level 1  
  145  8:33  SCV x3  
  145  8:34  Command Center  
  144  8:38  Drilling Claws  
  142  8:44  Missile Turret  
  142  8:45  SCV x3  
  142  8:48  Missile Turret  
  145  8:52  Marine x6  
  145  8:53  Marauder, Marine  
  145  8:54  Widow Mine  
  156  8:56  Widow Mine  
  156  9:06  Supply Depot  
  156  9:07  Thor  
  160  9:15  Marine x6  
  160  9:16  Marine  
  160  9:17  Marauder  
  169  9:18  Widow Mine  
  169  9:19  Supply Depot, Widow Mine  
  173  9:28  Medivac x2, Supply Depot  
  176  9:32  Marine  
  176  9:33  Marine x6  
  183  9:44  Marauder, Marine  
  186  9:50  Thor, Supply Depot x2, Marine x3  
  186  9:51  Marine x4  
  193  10:02  Marine  
  165  10:07  Marauder  
  165  10:08  Marine x4  
  165  10:10  Medivac x2, Widow Mine x2  
  165  10:11  Marine x3  
  165  10:13  Planetary Fortress  
  175  10:17  Missile Turret  
  175  10:20  Missile Turret, Marine  
  176  10:24  Missile Turret  
  176  10:28  Terran Infantry Armor Level 2, Marauder  
  178  10:29  Marine x2  
  178  10:31  Missile Turret  
  178  10:33  Thor, Marine x2  
  178  10:35  SCV x3  
  184  10:39  Widow Mine x2  
  174  10:47  SCV x2  
  174  10:48  SCV  
  175  10:56  Marine x3  
  175  10:57  Missile Turret, Marine x2  
  178  10:58  Marine  
  178  10:59  SCV x2  
  178  11:00  Widow Mine x2, SCV  
  188  11:04  Terran Infantry Weapons Level 3  
  188  11:09  Marine x2  
  190  11:11  SCV  
  190  11:12  SCV x2  
  190  11:16  Thor  
  190  11:21  Widow Mine  
  190  11:22  Widow Mine  
  190  11:24  Concussive Shells, SCV x2  
  190  11:27  Marine  
  190  11:30  Marauder, Marine x2  
  190  11:32  Marine x2  
  197  11:37  Marine x2  
  197  11:39  Medivac  
  182  11:43  Widow Mine x2  
  183  11:50  Marine x2  
  183  11:51  Marauder  
  183  11:53  Marine x2  
  185  11:59  Barracks, Widow Mine  
  187  12:01  Barracks  
  187  12:02  Barracks  
  187  12:04  Widow Mine x2, Marine x4  
  187  12:08  SCV, Marine x2  
  184  12:13  Marauder  
  189  12:17  Command Center, Marine  
  189  12:18  Marine  
  189  12:21  Widow Mine, Marine  
  193  12:23  Marine x3  
  193  12:26  Widow Mine x2  
  193  12:27  Marine x2  
  195  12:34  Marauder  
  195  12:35  Marine x2  
  199  12:39  Marine  
  199  12:43  Command Center  
  200  12:58  Barracks Tech Lab  
  200  12:59  Barracks Tech Lab  
  200  13:10  Terran Infantry Armor Level 3  
  200  13:11  Command Center  
  198  13:13  Command Center, Marauder  
  198  13:19  Marauder x3, Marine x6  
  189  13:21  Widow Mine x2  
  189  13:22  Marine  
  189  13:23  Marine  
  189  13:24  Widow Mine  
  186  13:34  Marine  
  181  13:37  Marine x5  
  181  13:39  Marine  
  181  13:40  Marauder x3  
  193  13:43  Widow Mine x2  
  193  13:46  Widow Mine  
  195  13:52  Marauder  
  193  14:00  Marine x3  
  193  14:02  Marauder x2, Marine  
  184  14:04  Widow Mine x2  
  184  14:06  Marine  
  184  14:07  Widow Mine  
  184  14:09  Marine x2  
  191  14:14  Marauder, Marine  
  191  14:15  Marine  
  191  14:16  SCV x3  
  189  14:17  Marine  
  189  14:22  Planetary Fortress  
  188  14:24  Marine  
  188  14:25  Widow Mine  
  188  14:26  Widow Mine  
  188  14:28  Widow Mine, Marine  
  196  14:31  Missile Turret, Medivac  
  196  14:36  Marine  
  196  14:37  Marine  
  200  14:39  Missile Turret x2  
  200  14:52  Missile Turret  
  196  14:53  Missile Turret x2  
  196  14:56  Planetary Fortress  
  196  15:02  SCV x2  
  198  15:12  Marauder  
  200  15:18  Marauder  
  200  15:20  Marauder  
  187  15:22  Missile Turret  
  187  15:23  Missile Turret, Marauder, Marine  
  187  15:24  Marine  
  187  15:25  Marine  
  187  15:27  Missile Turret  
  187  15:28  Widow Mine x3, Marine  
  198  15:33  Marauder  
  199  15:41  Orbital Command  
  179  15:58  Medivac, Marauder  
  179  16:03  Marauder, Marine x2  
  179  16:04  Marine x3  
  179  16:05  Widow Mine x2  
  179  16:10  Marine  
  179  16:11  Marine  
  167  16:24  Medivac  
  169  16:28  Medivac  
  169  16:31  Missile Turret  
  169  16:39  Marauder, Marine x3  
  172  16:49  Marine  
  165  17:02  Orbital Command  
  163  17:12  Supply Depot  
  163  17:14  Supply Depot  
  163  17:15  Supply Depot x2  
  149  17:35  Marine x7  
  149  17:36  Medivac x2, Widow Mine, Marine x3  
  152  17:37  Widow Mine  
  129  17:49  Marine  
  122  18:00  Marine x4  
  122  18:02  Widow Mine, Marine  
  122  18:03  Widow Mine  
  131  18:10  Marine x2  
  133  18:14  Medivac x2  
  133  18:15  Marine  
  135  18:24  Marine  
  135  18:25  Marine  
  133  18:49  Marine x4  
  133  18:50  Marauder x2  
  141  19:04  Marine x2  
  141  19:09  Marine x3  
  141  19:10  Marauder  
  141  19:13  Marine x2  
  141  19:15  Marine x2  
  141  19:17  Marauder, Widow Mine x3  
Show
View Real Time Build Order
Export as new Build Order

Serral Zerg - Winner!

Build Orders: Hatch First, Muta Ling Bane 

Get SALT Encoding   

  12  0:00  Drone  
  13  0:12  Overlord  
  13  0:16  Drone  
  14  0:30  Drone x2  
  16  0:47  Hatchery  
  15  0:51  Drone  
  15  0:54  Drone  
  17  0:57  Drone  
  18  1:08  Extractor  
  17  1:13  Spawning Pool  
  17  1:16  Drone  
  17  1:19  Drone  
  18  1:27  Drone  
  19  1:38  Drone  
  20  1:49  Drone  
  21  1:59  Queen x2  
  21  2:00  Zergling x2  
  26  2:02  Zergling x2  
  27  2:10  Overlord  
  27  2:11  Drone  
  28  2:21  Hatchery  
  27  2:24  Drone  
  27  2:28  Drone  
  29  2:31  Drone  
  29  2:35  Metabolic Boost  
  30  2:38  Drone  
  31  2:45  Queen  
  31  2:50  Overlord  
  33  2:53  Drone  
  33  2:55  Drone  
  35  3:01  Drone  
  35  3:05  Pneumatized Carapace  
  35  3:10  Drone x3  
  35  3:12  Drone  
  39  3:16  Overlord  
  39  3:21  Queen  
  39  3:23  Drone  
  39  3:25  Drone  
  43  3:33  Queen  
  45  3:39  Overlord, Drone  
  47  3:41  Drone x2  
  47  3:42  Drone  
  47  3:43  Zergling x2  
  47  3:44  Zergling x2  
  51  3:51  Spine Crawler  
  51  3:53  Drone x3  
  53  3:58  Baneling Nest  
  52  4:03  Queen  
  52  4:05  Queen  
  56  4:14  Overlord  
  56  4:19  Zergling x12  
  56  4:22  Overlord  
  62  4:25  Drone  
  62  4:28  Drone  
  62  4:29  Drone  
  65  4:32  Lair  
  65  4:36  Overlord  
  65  4:38  Drone x3  
  66  4:39  Drone x2  
  66  4:40  Drone  
  66  4:42  Drone  
  66  4:44  Drone  
  66  4:45  Drone  
  74  4:47  Spore Crawler  
  74  4:51  Spore Crawler  
  74  4:52  Spore Crawler  
  69  4:54  Drone x2  
  69  4:57  Baneling  
  69  4:58  Baneling x2  
  69  4:59  Drone x2  
  73  5:00  Drone  
  73  5:02  Drone  
  75  5:07  Spore Crawler  
  75  5:08  Overlord  
  75  5:09  Drone x2  
  75  5:10  Drone  
  77  5:14  Zergling x2, Baneling  
  77  5:15  Zergling x2  
  77  5:17  Baneling x2  
  77  5:20  Extractor  
  77  5:21  Overlord, Extractor x2  
  77  5:22  Zergling x2  
  77  5:23  Drone x3  
  77  5:25  Drone, Baneling  
  77  5:26  Drone  
  82  5:30  Drone x2  
  82  5:31  Drone x2  
  86  5:36  Spore Crawler  
  86  5:38  Drone x2  
  86  5:39  Extractor, Evolution Chamber  
  86  5:40  Evolution Chamber  
  86  5:41  Extractor, Drone  
  84  5:43  Drone x2  
  84  5:49  Drone x5  
  91  5:54  Zergling x2  
  92  5:57  Overlord  
  92  6:01  Drone x2  
  94  6:04  Drone  
  94  6:05  Drone  
  94  6:08  Overlord  
  94  6:09  Overseer  
  96  6:13  Zerg Melee Weapons Level 1, Spire  
  96  6:17  Overlord  
  95  6:18  Overlord, Hatchery  
  95  6:25  Drone x4  
  93  6:28  Zergling x8  
  93  6:31  Drone  
  98  6:38  Drone x2  
  98  6:39  Overlord  
  101  6:40  Hatchery  
  101  6:43  Overlord  
  101  6:46  Overlord  
  100  6:47  Zerg Ground Armor Level 1  
  100  7:01  Zergling x20  
  109  7:10  Drone  
  109  7:11  Drone  
  109  7:17  Baneling x5  
  108  7:23  Zergling x12  
  110  7:30  Baneling x4  
  110  7:34  Mutalisk x5  
  120  7:37  Mutalisk x3  
  120  7:41  Zerg Flyer Weapons Level 1  
  126  7:45  Extractor  
  126  7:48  Centrifical Hooks  
  126  7:51  Overlord  
  125  7:53  Drone x3  
  125  7:55  Drone  
  125  7:56  Baneling x2  
  129  8:01  Baneling x6  
  129  8:05  Overseer  
  129  8:10  Zergling x22  
  136  8:20  Mutalisk  
  136  8:21  Mutalisk x2  
  136  8:26  Zergling x4  
  136  8:27  Zergling x14  
  151  8:29  Zerg Melee Weapons Level 2  
  151  8:34  Overlord  
  151  8:41  Hatchery, Drone x9  
  156  8:43  Zerg Ground Armor Level 2  
  159  8:48  Overlord x2  
  159  8:49  Overlord x2  
  155  8:55  Zergling x2  
  155  8:56  Zergling x8  
  155  8:57  Overlord  
  155  8:59  Baneling x4  
  160  9:05  Mutalisk x3  
  166  9:11  Zergling x14  
  166  9:17  Baneling x2  
  173  9:19  Mutalisk x3  
  179  9:26  Zergling x2  
  179  9:27  Zergling x12, Infestation Pit  
  185  9:38  Zergling x8, Baneling x9  
  183  9:58  Zergling x34  
  175  10:03  Hatchery  
  158  10:10  Mutalisk x3  
  158  10:11  Zergling x2  
  158  10:12  Zergling x2  
  158  10:13  Queen  
  168  10:14  Baneling x3  
  168  10:15  Baneling x3  
  168  10:17  Zerg Flyer Weapons Level 2  
  168  10:19  Baneling x7  
  168  10:22  Zergling x16  
  168  10:25  Baneling x4  
  176  10:29  Zergling x10  
  181  10:37  Baneling x8  
  181  10:38  Zergling x12  
  187  10:49  Mutalisk x2  
  183  10:50  Zergling x18  
  183  10:51  Zergling x2  
  183  10:56  Mutalisk x2  
  196  11:07  Zergling x8  
  200  11:15  Hive  
  199  11:20  Baneling x4  
  199  11:24  Baneling x4  
  196  11:28  Zergling x2  
  196  11:29  Zergling x6  
  198  11:35  Baneling x10  
  177  11:40  Zergling x16  
  177  11:41  Zergling x18  
  177  11:42  Baneling x7  
  190  11:51  Zergling x26  
  190  11:53  Queen  
  186  11:56  Mutalisk  
  186  12:03  Mutalisk x4  
  186  12:07  Zergling x4  
  191  12:15  Zergling x16  
  198  12:29  Zergling x2  
  200  12:30  Zergling x8  
  200  12:34  Baneling x19  
  200  12:48  Hatchery  
  197  12:51  Baneling x5  
  197  12:52  Baneling x2  
  197  12:55  Zergling x12  
  195  13:06  Baneling x9  
  195  13:09  Zerg Melee Weapons Level 3  
  195  13:10  Adrenal Glands  
  195  13:15  Zergling x12  
  192  13:24  Zergling x36  
  192  13:26  Overseer  
  195  13:30  Zergling x2  
  195  13:31  Zergling x10  
  188  13:38  Zergling x20  
  188  13:39  Baneling x10  
  185  13:51  Overseer, Baneling x9  
  180  14:00  Zergling x20  
  168  14:11  Baneling x6  
  168  14:13  Zergling x26  
  180  14:27  Hatchery  
  179  14:39  Drone x3  
  177  14:53  Mutalisk x5  
  177  14:56  Zergling x4  
  177  14:57  Overlord x2  
  189  15:03  Overlord x3  
  189  15:06  Overseer  
  188  15:08  Overlord  
  188  15:09  Baneling x4  
  188  15:16  Zergling x28  
  185  15:24  Zergling x24  
  197  15:29  Baneling x9  
  197  15:30  Baneling  
  197  15:32  Baneling  
  197  15:33  Baneling x10  
  193  15:39  Zergling x10  
  188  15:54  Zergling x22  
  188  15:55  Zergling x2  
  185  16:02  Baneling x3  
  173  16:06  Zergling x2  
  173  16:07  Zergling x12  
  178  16:22  Mutalisk x4  
  186  16:29  Hatchery  
  177  16:36  Zergling x14  
  177  16:39  Baneling x3  
  184  16:43  Zerg Flyer Armor Level 1  
  184  16:44  Hatchery  
  182  16:57  Zergling x26  
  186  17:04  Baneling x11  
  186  17:05  Baneling x2  
  184  17:10  Zergling x10  
  188  17:19  Baneling x2  
  187  17:26  Zergling x20  
  185  17:41  Zergling x10  
  184  17:56  Zergling x12  
  184  17:58  Hatchery  
  189  18:05  Mutalisk x3  
  186  18:21  Mutalisk x5  
  186  18:22  Mutalisk  
  197  18:32  Baneling x7  
  195  18:46  Overseer  
  195  18:52  Zergling x10  
  200  18:56  Baneling x8  
  200  19:05  Hatchery  
  200  19:07  Baneling x10  
  188  19:11  Zergling x6  
  179  19:17  Zergling x12  
  179  19:21  Zergling x6  
Tags
 
Add a new tag
Caveats
  • Supply blocks, unpowered buildings, or Contaminate may cause inaccurate times.
  • Supply counts are checked every 10 seconds.